 Dungeon Crawl Stone Soup version 0.25-a0-287-g56a5b49892 (webtiles) character file.

Game seed: 11521297601818205411, levelgen mode: deterministic

45 Faustar the Digger (level 3, -1/14 HPs)
             Began as a Felid Earth Elementalist on Dec 12, 2019.
             Was an Initiate of Dithmenos.
             Slain by a goblin
             ... wielding a +0 dagger
             ... led by Robin
              (4 damage)
             ... on level 2 of the Dungeon.
             The game lasted 00:06:36 (2570 turns).

Faustar the Digger (Felid Earth Elementalist)       Turns: 2570, Time: 00:06:36

Health: -1/14      AC:  1    Str:  4    XL:     3   Next: 42%
Magic:  1/7        EV: 19    Int: 21    God:    Dithmenos [......]
Gold:   100        SH:  0    Dex: 17    Spells: 5/6 levels left
                                        Lives:  0   Deaths: 0

rFire    . . .     SeeInvis +   (weapon unavailable)
rCold    . . .     Gourm    .   (shield unavailable)
rNeg     . . .     Faith    .   (armour unavailable)
rPois    .         Spirit   .   (helmet unavailable)
rElec    .         Reflect  .   (cloak unavailable)
rCorr    .         Harm     .   (gloves unavailable)
MR       .....                  (boots unavailable)
Stlth    +++.......             (no amulet)
HPRegen  0.04/turn              (no ring)
MPRegen  0.10/turn              (no ring)

@: brilliant, lethally poisoned (-1 -> -9), quick
A: very small, no armour, no weapons or thrown items, stealth, claws 1, fangs 3,
see invisible, carnivore, speed 1, shaggy fur 1, slow metabolism 1, sharp paws
a: Renounce Religion


You were on level 2 of the Dungeon.
You worshipped Dithmenos.
Dithmenos was noncommittal.
You were not hungry.

You visited 1 branch of the dungeon, and saw 2 of its levels.

You collected 100 gold pieces.

Inventory:

Missiles
 b - 76 stones
Scrolls
 a - a scroll of teleportation {unknown}
 d - 2 scrolls of remove curse {unknown}
 f - 2 scrolls of amnesia {unknown}
 h - 2 scrolls of identify {unknown}
 j - a scroll of enchant weapon {unknown}
 n - a scroll of fog {unknown}
Potions
 e - a potion of mutation {unknown}
 g - a potion of brilliance
 i - a potion of heal wounds {unknown}
 k - 2 potions of lignification {unknown}
 l - a potion of berserk rage {unknown}
 m - a potion of haste {unknown}
Comestibles
 c - 5 rations


   Skills:
 + Level 3.5 Dodging
 - Level 3.2 Stealth
 - Level 2.0 Spellcasting
   Level 1.1 Transmutations
 * Level 3.6 Earth Magic


You had 5 spell levels left.
You knew the following spells:

 Your Spells              Type           Power        Failure   Level  Hunger
a - Sandblast             Erth           ####..       1%          1    #......

Your spell library contained the following spells:

 Spells                   Type           Power        Failure   Level  Hunger
 Passwall                 Tmut/Erth      ###.....     1%          2    ##.....
 Stone Arrow              Conj/Erth      ###...       2%          3    ###....
 Petrify                  Tmut/Erth      ###.....     7%          4    #####..
 Lee's Rapid Deconstruct  Erth           ####......   11%         5    ######.


Dungeon Overview and Level Annotations

Branches:
Dungeon (2/15)

Altars:
Cheibriados
Dithmenos

Annotations:
D:2 Robin


Innate Abilities, Weirdness & Mutations

You cannot wear armour.
You are incapable of wielding weapons or throwing items.
Your paws allow you to move quietly. (Stealth)
You have sharp claws.
You have razor-sharp teeth.
You have supernaturally acute eyesight. (SInv)
You are carnivorous and can eat meat at any time.
You cover ground quickly.
You are covered in fur. (AC +1)
You have a slow metabolism.
Your sharp claws are effective at attacking unaware monsters.


Message History

The blast of sand misses Robin.
The blast of sand misses the goblin.
b - 77 stones You feel sick.
Robin throws the goblin at you!
* * * LOW HITPOINT WARNING * * *
The goblin unwields a +0 hunting sling.
The goblin wields a +0 dagger.
The goblin misses you.
Casting: Sandblast (safe; 4% risk of failure)
Confirm with . or Enter, or press ? or * to list all spells.
Aiming: Sandblast (safe; 4% risk of failure)
Press: ? - help, Shift-Dir - straight line, f/p - Robin
Aim: Robin, wielding a +7 whip of venom, wearing a +0 animal skin and wearing a +0 helmet (almost dead)
The blast of sand hits Robin but does no damage.
Robin is almost dead.
b - 76 stones The goblin hits you but does no damage.
It was a potion of brilliance.
You feel clever all of a sudden.
* * * LOW HITPOINT WARNING * * *
You feel sick. The goblin hits you with a +0 dagger.
You die...

....###.####........##.#
........#.....###......##
........................#
.####.####..............#
.##.....##.##...........#
.#.......#.##.........).#
.#.......#.##...........#
....._...g.########.#####
.#.......#.gggg.@g..#
.#.......#..gg#######
.##.....##....####
.####.####.........
.........g.#.......
#....##............#
.....#.......#...###
.....#.......#...#
.....#.......#...#


You could see Robin, a hobgoblin and 6 goblins.

Vanquished Creatures
  An adder (D:2)
  A leopard gecko (D:1)
  4 bats
  A giant cockroach (D:2)
  5 goblins
  3 hobgoblins (D:1)
  4 jackals
  A quokka (D:2)
  5 frilled lizards
  3 kobolds
  7 rats
35 creatures vanquished.

Notes
Turn   | Place    | Note
-------+----------+-------------------------------------------
     0 | D:1      | Faustar the Felid Earth Elementalist began the quest for
                  | the Orb.
     0 | D:1      | Reached XP level 1. HP: 7/7 MP: 4/4
   234 | D:1      | Reached XP level 2. HP: 2/11 MP: 3/6
  1502 | D:2      | Found a snail-covered altar of Cheibriados.
  1794 | D:2      | Found a shadowy altar of Dithmenos.
  1925 | D:2      | Became a worshipper of Dithmenos the Shadowed
  1957 | D:2      | Noticed Robin
  1970 | D:1      | Reached XP level 3. HP: 14/14 MP: 7/7
  2570 | D:2      | Slain by a goblin

Levels and vault maps discovered:
D:1:      dpeg_arrival_signposts, layout_basic
D:2:      layout_basic, old_standard_altar,
          nicolae_dithmenos_through_a_glass_darkly, minmay_close_crescents,
          uniq_robin

Skill      XL: |  1 |
---------------+----+-----
Stealth        | 3 |  3.2
Dodging        | 3 |  3.5
Earth Magic    | 3 |  3.6
Spellcasting   | |  2.0
Transmutations | |  1.1

Action                   || total
-------------------------++-------
Melee: Unarmed           ||    80
       Bite              ||     5
 Cast: Sandblast         ||    24
  Use: Potion            ||     1
 Stab: Sleeping          ||     8
  Eat: Chunk             ||     6
Armor: Skin              ||     3
Dodge: Dodged            ||    90

Table legend:
 A = Non-vault XP
 B = Vault XP
 C = Vault XP percentage of total XP
 D = Non-vault monster count
 E = Vault monster count
 F = Vault count percentage of total count
                 A         B        C        D         E       F
            +---------+---------+-------+---------+---------+-------
      Total |      59 |       6 |   9.2 |      31 |       4 |  11.4
            +---------+---------+-------+---------+---------+-------
        D:1 |      30 |       2 |   6.2 |      20 |       1 |   4.8
        D:2 |      29 |       4 |  12.1 |      11 |       3 |  21.4
            +---------+---------+-------+---------+---------+-------
